 Dungeon Crawl Stone Soup version 0.28.0 (webtiles) character file.

Game seed: 9963290365025155816

0 porkupine the Magician (level 1, -2/14 HPs)
             Began as a Draconian Hedge Wizard on Feb 17, 2022.
             Slain by a kobold (3 damage)
             ... on level 1 of the Dungeon.
             The game lasted 00:00:52 (43 turns).

porkupine the Magician (Draconian Hedge Wizard)       Turns: 43, Time: 00:00:54

Health: -2/14      AC:  4    Str: 12    XL:     1   Next: 8%
Magic:  4/4        EV: 12    Int: 14    God:
Gold:   0          SH:  0    Dex: 10    Spells: 4/6 levels left

rFire   . . .      SeeInvis .   a - +0 dagger
rCold   . . .      Faith    .   (no shield)
rNeg    . . .      Spirit   .   (armour unavailable)
rPois   .          Reflect  .   b - +0 hat
rElec   .          Harm     .   (no cloak)
rCorr   .          Rampage  .   (no gloves)
Will    .....                   (no boots)
Stlth   ++........              (no amulet)
HPRegen 0.04/turn               (no ring)
MPRegen 0.09/turn               (no ring)

@: no status effects
A: AC +4, unfitting armour, cold-blooded
a: no special abilities


You were on level 1 of the Dungeon.
You visited 1 branch of the dungeon, and saw 1 of its levels.

Inventory:

Hand Weapons
 a - a +0 dagger (weapon)
Armour
 b - a +0 hat (worn)


   Skills:
 + Level 1.7 Dodging
 + Level 1.7 Stealth
 + Level 3.0 Spellcasting
 + Level 1.0 Conjurations
 + Level 1.0 Summonings
 + Level 1.0 Translocations


You had 4 spell levels left.
You knew the following spells:

 Your Spells              Type           Power      Damage    Failure   Level
a - Magic Dart            Conj           16%        1d3       14%         1
b - Slow                  Hex            8%         N/A       22%         1

Your spell library contained the following spells:

 Spells                   Type           Power      Damage    Failure   Level
 Blink                    Tloc           10%        N/A       22%         2
 Call Imp                 Summ           4%         N/A       22%         2
 Conjure Flame            Conj/Fire      3%         6-21      45%         3
 Mephitic Cloud           Conj/Pois/Air  3%         N/A       50%         3


Dungeon Overview and Level Annotations

Branches:
Dungeon (1/15)

Altars:


Innate Abilities, Weirdness & Mutations

Your plain brown scales are hard. (AC +4)
You cannot fit into any form of body armour.
You are cold-blooded and may be slowed by cold attacks.


Message History

You hit the kobold but do no damage.
The kobold hits the plant with a +0 dagger.
The kobold barely misses you.
The frilled lizard bites the plant.
The goblin barely misses you.
The kobold hits the plant with a +0 dagger.
The goblin hits the plant with a +0 club.
The plant begins to die.
You closely miss the kobold.
A nearby plant withers and dies. x2
The kobold hits you but does no damage.
The kobold hits the plant with a +0 short sword.
The goblin hits the plant with a +0 club.
You hit the kobold but do no damage.
The kobold hits you with a +3 short sword of freezing.
* * * LOW HITPOINT WARNING * * *
The kobold freezes you.
* * * LOW HITPOINT WARNING * * *
The kobold hits the plant with a +0 short sword.
The goblin hits the plant with a +0 club.
The goblin hits the plant with a +0 club.
You barely miss the kobold.
A nearby plant withers and dies.
The kobold barely misses you.
The kobold hits the plant with a +0 short sword.
The plant begins to die.
You closely miss the kobold.
The frilled lizard hisses.
The kobold hits you but does no damage.
The kobold hits the plant with a +0 short sword.
The goblin hits the plant with a +0 club.
You aren't carrying any potions.
You closely miss the kobold.
The kobold hits the plant with a +0 dagger.
The plant begins to die.
The kobold closely misses you.
The kobold hits the plant with a +0 short sword.
You hit the kobold.
Your tail-slap misses the kobold.
The kobold is moderately wounded.
The goblin hits the plant with a +0 club.
The kobold splashes around in the water.
The frilled lizard bites the plant.
The kobold hits you with a +3 short sword of freezing.
You die...

..# ###..###
♣♣♣♣♣♣♣♣♣
.......###♣.......♣
.........#♣.PPPPP.♣
.........#♣.P≈≈≈P.♣
......)...♣..≈8≈P.♣
.............≈≈KP.♣
#.#.#..g..♣..lPPP.♣
...$......♣<.gKK@.♣
#.#.####..♣♣♣♣♣♣♣♣♣
..l..# ##....
#.#.## .......
..... #....... #
#.# ......#. ...
..>..... #.#
#...... ...


You could see a goblin, 3 kobolds and a frilled lizard.

Vanquished Creatures
  A ball python (D:1)
1 creature vanquished.

Vanquished Creatures (others)
  4 plants (D:1)
4 creatures vanquished.

Grand Total: 5 creatures vanquished

Notes
Turn   | Place    | Note
-------+----------+-------------------------------------------
     0 | D:1      | porkupine the Draconian Hedge Wizard began the quest for
                  | the Orb.
     0 | D:1      | Reached XP level 1. HP: 14/14 MP: 4/4
     2 | D:1      | Learned a level 1 spell: Slow
    43 | D:1      | Slain by a kobold

Illustrated notes

Levels and vault maps discovered:
D:1:      tarquinn_simple_flora_water_a, layout_rooms,
          dreamdust_ecumenical_altar_hidden_monk_grotto, st_stairs_11,
          grunt_decor_fettered

Action                   || total
-------------------------++-------
Melee: Dagger            ||    18
       Tailslap          ||     1
Armor: Skin              ||     4
Dodge: Dodged            ||    17
